 Dungeon Crawl Stone Soup version 0.30-a0-782-ge64f9170bb (webtiles) character file.

Game seed: 13271916147641848428

42 Crownlay the Shield-Bearer (level 3, -5/36 HPs)
             Began as a Troll Fighter on Mar 5, 2023.
             Slain by Sigmund
             ... wielding a +0 scythe
              (9 damage)
             ... on level 2 of the Dungeon.
             The game lasted 00:01:17 (539 turns).

Crownlay the Shield-Bearer (Troll Fighter)           Turns: 539, Time: 00:01:18

Health: -5/36      AC:  6    Str: 24    XL:     3   Next: 35%
Magic:  2/2        EV:  8    Int:  6    God:
Gold:   0          SH:  0    Dex:  7    Spells: 2/2 levels left

rFire   . . .      SeeInvis .      - Unarmed
rCold   . . .      Faith    .    b - +0 kite shield
rNeg    . . .      Spirit   .    a - +0 robe
rPois   .          Reflect  .    (helmet restricted)
rElec   .          Harm     .    (no cloak)
rCorr   .          Rampage  .    (gloves unavailable)
Will    .....                    (boots unavailable)
Stlth   +                        (no amulet)
HPRegen 1.06/turn                (no ring)
MPRegen 0.08/turn                (no ring)

@: confused
A: large, unfitting armour, claws 3, regeneration 1, shaggy fur 1, tough skin 1,
iridescent scales 1, clumsy 1
a: no special abilities


You were on level 2 of the Dungeon.
You visited 1 branch of the dungeon, and saw 2 of its levels.

Inventory:

Armour
 a - a +0 robe (worn)
 b - a +0 kite shield (worn)
Scrolls
 d - a scroll of magic mapping {unknown}
 g - a scroll of immolation {unknown}
Potions
 c - a potion of might
 f - a potion of flight {unknown}
 h - a potion of curing {unknown}


   Skills:
 + Level 2.7 Fighting
 - Level 2.4 Dodging
 + Level 3.1 Shields
 * Level 3.1 Unarmed Combat


You had 2 spell levels left.
You didn't know any spells.
Your spell library was empty.

Dungeon Overview and Level Annotations

Branches:
Dungeon (2/15)

Altars:

Annotations:
D:2 Sigmund


Innate Abilities, Weirdness & Mutations

You are too large for most types of armour.
You have claws for hands.
Your natural rate of healing is unusually fast.
You are covered in fur. (AC +1)
You have tough skin. (AC +1)
You are partially covered in iridescent scales. (AC +2)
You are clumsy. (Dex -2)


Message History

Unknown command.
You have nothing you can fire or use right now.
Unknown command.
Sigmund casts a spell at you. The magic dart hits you.
Sigmund zaps a wand.
The bolt of dispelling energy hits you!
Sigmund zaps a wand.
The bolt of dispelling energy misses you.
Sigmund gestures at you while chanting. The magic dart hits you.
You closely miss Sigmund.
Sigmund flickers, as though insubstantial.
Sigmund closely misses you.
You barely miss Sigmund. Sigmund hits you with a +0 scythe!
You barely miss Sigmund. You scratch Sigmund.
Sigmund is lightly wounded.
Sigmund zaps a wand.
The bolt of dispelling energy hits you!!
Ouch! That really hurt!
You claw Sigmund!
Sigmund is severely wounded.
Sigmund hits you with a +0 scythe.
* * * LOW HITPOINT WARNING * * *
You barely miss Sigmund.
Sigmund is severely wounded.
Sigmund closely misses you.
You barely miss Sigmund.
Sigmund is severely wounded.
Sigmund zaps a wand.
The bolt of dispelling energy hits you!
* * * LOW HITPOINT WARNING * * *
You completely miss Sigmund.
Sigmund is severely wounded.
Sigmund gestures at you while chanting.
You are confused.
It was a potion of mutation.
You feel extremely strange.
Iridescent scales grow over part of your body.
You feel clumsy. Sigmund hits you with a +0 scythe!
You die...

##.## #..####
####.....#
+........#
####...#.# ##.##.#
####.# #.# #@# #@#
#. #.# ##.# #.#
##...######### #.#
#@...........# #.#
#...#######.###.#
#.. #.@.......#
###..###.###>#####


You could see Sigmund.

Vanquished Creatures
  2 dart slugs (D:1)
  5 ball pythons (D:1)
  2 endoplasms (D:1)
  2 giant cockroaches (D:1)
  5 goblins (D:1)
  2 hobgoblins
  4 jackals (D:2)
  2 kobolds (D:1)
  A quokka (D:1)
  3 bats
  4 frilled lizards
  A rat (D:1)
33 creatures vanquished.

Notes
Turn   | Place    | Note
-------+----------+-------------------------------------------
     0 | D:1      | Crownlay the Troll Fighter began the quest for the Orb.
     0 | D:1      | Reached XP level 1. HP: 22/22 MP: 0/0
    67 | D:1      | Reached XP level 2. HP: 28/29 MP: 1/1
   244 | D:1      | Reached XP level 3. HP: 30/36 MP: 2/2
   505 | D:2      | Noticed Sigmund
   539 | D:2      | Gained mutation: You are partially covered in iridescent
                  | scales. (AC +2) [potion of mutation]
   539 | D:2      | Gained mutation: You are clumsy. (Dex -2) [potion of
                  | mutation]
   539 | D:2      | Slain by Sigmund

Illustrated notes

Levels and vault maps discovered:
D:1:      lemuel_arrival_hallway, layout_rooms
D:2:      layout_loops_corners, uniq_sigmund

Skill      XL: |  1  2  3 |
---------------+----------+-----
Shields        | 3 |  3.1
Unarmed Combat | 3 |  3.1
Fighting       | |  2.7
Dodging        | |  2.4

Action                     || total
---------------------------++-------
  Melee: Unarmed           ||    94
    Use: Potion            ||     1
   Stab: Sleeping          ||     1
 Armour: Robe              ||    35
  Dodge: Dodged            ||    35
  Block: Kite shield       ||    30

Table legend: (Time is in decaauts)
 A = Elapsed time spent in this place.
 B = Non-inter-level travel time spent in this place.
 C = Inter-level travel time spent in this place.
 D = Time resting spent in this place.
 E = Time spent auto-exploring this place.
 F = Levels seen in this place.
 G = Mean time per level.
                   A        B        C        D        E       F      G
               +--------+--------+--------+--------+--------+-----+--------+
         Total |    547 |    539 |      8 |      0 |    338 |   2 |  273.5 |
       Dungeon |    547 |    539 |      8 |      0 |    338 |   2 |  273.5 |
               +--------+--------+--------+--------+--------+-----+--------+

Top non-repeatable levels by time:
     D:1: 350 daAuts
     D:2: 196 daAuts
